AoeStats
← ronadinio

Arabia

510307390Analyzed
1v1 RM · 22h ago on Sep 30, 2026· 30m 41s· 2 players
Game mode
Random Map
Map size
Tiny (2 player)
Population
200
Speed
Normal
Resources
Standard
Victory
Conquest
Starting age
Dark Age
Ending age
Imperial Age
RankedLock teamsTeams togetherTeam positionsShared explorationLock speedFull tech treeHidden civsTurbo modeCheats
Victory
Defeat
🇬🇧 Aztecs · United Kingdom
1033
+17
🇹🇷 Burgundians · Türkiye
1050
-17
afcwomble
7:10 Loom
9:26 Feudal Age
12:09 Man-at-Arms
14:19 Scale Mail Armor
14:29 Forging
17:41 Horse Collar
17:47 Double-Bit Axe
19:28 Arson
24:44 Castle Age
25:13 Gambesons
24:49 Long Swordsman
25:30 Squires
26:34 Chain Mail Armor
26:54 Iron Casting
ronadinio
5:47 Loom
10:09 Feudal Age
9:15 Double-Bit Axe
21:49 Castle Age
19:57 Gold Mining
24:46 Bow Saw
24:19 Horse Collar
25:53 Fletching
29:57 Scale Barding Armor
Connection lost

Rejoining the realm…

Still unreachable

The connection could not be restored.

Session expired

The server has moved on; the page needs a fresh start.